 Dungeon Crawl Stone Soup version 0.29.0-13-gc9e81de378 (webtiles) character file.

Game seed: 6671151102311182237

263 Monkooky the Chucker (level 6, -2/50 HPs)
             Began as a Meteoran Brigand on Sept 7, 2022.
             Was an Initiate of Gozag.
             Killed by divine providence
             ... invoked by an orc priest
              (13 damage)
             ... on level 5 of the Dungeon.
             The game lasted 00:15:54 (2294 turns).

Monkooky the Chucker (Meteoran Brigand)             Turns: 2294, Time: 00:15:55

Health: -2/50      AC:  8    Str: 12    XL:     6   Next: 71%
Magic:  7/7        EV: 12    Int: 15    God:    Gozag
Gold:   378        SH:  0    Dex: 16    Spells: 5/5 levels left

rFire   . . .      SeeInvis .   F - +1 dagger (venom)
rCold   . . .      Faith    .   (no shield)
rNeg    . . .      Spirit   .   b - +0 robe
rPois   .          Reflect  .   p - +0 helmet
rElec   .          Harm     .   c - +0 cloak
rCorr   .          Rampage  .   (no gloves)
Will    .....                   (no boots)
Stlth   +.........              (no amulet)
HPRegen 0.16/turn               r - +4 ring of protection
MPRegen 0.10/turn               i - ring of wizardry

@: glowing
A: sense surroundings 1, otherworldly, glowing, explore regen
a: Renounce Religion, Potion Petition, Call Merchant, Bribe Branch


You were on level 5 of the Dungeon.
You worshipped Gozag.
Gozag was aware of your devotion.
You visited 1 branch of the dungeon, and saw 5 of its levels.

You collected 441 gold pieces.
You paid 63 gold pieces to Gozag.

Inventory:

Hand Weapons
 a - a +2 dagger
 F - a +1 dagger of venom (weapon)
Missiles
 d - 11 poisoned darts (quivered)
 e - a curare-tipped dart
 j - 6 javelins
 v - 2 throwing nets
 z - 2 boomerangs
 A - 3 boomerangs of dispersal
Armour
 b - a +0 robe (worn)
 c - a +0 cloak (worn)
 p - a +0 helmet (worn)
Magical Staves
 g - a staff of earth
Jewellery
 i - a ring of wizardry (right hand)
 r - a +4 ring of protection (left hand)
 G - a ring of willpower
Wands
 q - a wand of mindburst (17)
Scrolls
 f - 5 scrolls of identify {unknown}
 h - 2 scrolls of fear {unknown}
 n - a scroll of torment {unknown}
 t - a scroll of noise {unknown}
 w - a scroll of amnesia {unknown}
 x - 2 scrolls of vulnerability {unknown}
 y - a scroll of enchant weapon {unknown}
 B - a scroll of teleportation {unknown}
 C - a scroll of butterflies {unknown}
 D - a scroll of immolation {unknown}
 E - a scroll of poison {unknown}
Potions
 k - 2 potions of heal wounds {unknown}
 l - a potion of flight {unknown}
 m - a potion of haste {unknown}
 o - 4 potions of curing {unknown}
 s - a potion of attraction {unknown}
 u - a potion of resistance {unknown}


   Skills:
 + Level 2.6 Fighting
 - Level 2.1 Short Blades
 - Level 2.7 Staves
 - Level 6.0 Throwing
 + Level 1.9 Dodging
 - Level 2.9 Stealth
 - Level 1.1 Earth Magic
 - Level 1.9 Evocations


You had 5 spell levels left.
You didn't know any spells.
Your spell library contained the following spells:

 Spells                   Type           Power      Damage    Failure   Level
 Frozen Ramparts          Ice            0%         1d1       32%         3
 Inner Flame              Hex/Fire       0%         N/A       32%         3
 Airstrike                Air            0%         2d(0-16)  69%         4
 Cause Fear               Hex            0%         N/A       69%         4
 Ice Form                 Ice/Tmut       0%         N/A       69%         4
 Summon Ice Beast         Ice/Summ       0%         N/A       69%         4
 Summon Lightning Spire   Summ/Air       0%         N/A       69%         4
 Lightning Bolt           Conj/Air       0%         1d11      95%         5
 Discord                  Hex            0%         N/A       100%        8


Dungeon Overview and Level Annotations

Branches:
Dungeon (5/15) Zot: 928    Temple (0/1) D:4

Altars:
Dithmenos
Gozag
Makhleb

Annotations:
D:3 3 runed translucent doors, GigaChad's ghost, weakling MiFi; Thoth777's ghost, amateur TrFi


Innate Abilities, Weirdness & Mutations

You passively map a small area around you.
You are easily found by Zot.
You glow in the dark.
You regain HP and MP as you explore.


Message History

An orc priest comes into view. It is wielding a +0 dagger.
You hit the orc priest but do no damage.
The orc priest looks as sick as possible!
The orc priest is severely wounded.
The orc priest calls upon Beogh to heal the orc priest.
The orc priest is healed somewhat.
An orc comes into view. It is wielding a +0 hand axe.
The orc shouts!
You hit the orc priest.
The orc priest looks as sick as possible!
The orc priest is heavily wounded.
The orc priest hits you with a +1 dire flail of protection!
You closely miss the orc priest.
The orc priest is heavily wounded.
The orc priest invokes the aid of Beogh against you.
Beogh smites you!
* * * LOW HITPOINT WARNING * * *
The orc priest hits you with a +1 dire flail of protection!
* * * LOW HITPOINT WARNING * * *
The orc priest looks braver for a moment.
You kill the orc priest!
Training target 6.0 for Throwing reached!
Your Throwing skill increases to level 6!
You need to enable at least one skill for training.
Throw: 2 darts (curare)
Press: ? - help, Shift-Dir - straight line, f - orc priest
Aim: an orc priest, wielding a +0 dagger and wearing a +0 leather armour (64% to hit)
You throw a curare-tipped dart.
The curare-tipped dart hits the orc priest.
The orc priest is poisoned.
The orc priest convulses.
The orc priest seems to slow down.
The orc priest is severely wounded.
You kill the orc priest!
You see here a +0 short sword.
An orc comes into view. It is wielding a +0 flail.
The orc priest shouts!
The orc shouts!
You hear an angry growl.
The orc priest calls down the wrath of Beogh upon you.
Beogh smites you!
You die...
Your body crumbles into a pile of gold.

#......# ##.###.#
#.#.#.#######* * *
#....<....... ,,,,
#####.################
* ..#.# #.............
* #.#.# #.............
#.#.# #.......######
#.#@# #.......# , ,# #
#.#.# #.......# #.#
#.#.#o###.......# ....
#.#.............# ####
#...#.####..###... ..
###.#o#* #..#*#### ###
#.#.# ...#*, ,.. #.#.#
.## , **##. #o#.# *,.#
#.


You could see an orc priest and an orc.

Vanquished Creatures
  A hound (D:4)
  3 orc priests
  An iguana (D:4)
  2 gnolls (D:2)
  3 adders
  A white imp (D:5)
  A dart slug (D:4)
  10 orcs
  4 ball pythons
  4 endoplasms
  3 giant cockroaches
  9 goblins
  5 hobgoblins
  2 quokkas
  A frilled lizard (D:1)
  3 kobolds
  6 rats
59 creatures vanquished.

Notes
Turn   | Place    | Note
-------+----------+-------------------------------------------
     0 | D:1      | Monkooky the Meteoran Brigand began the quest for the Orb.
     0 | D:1      | Reached XP level 1. HP: 17/17 MP: 2/2
    75 | D:1      | Reached skill level 1 in Evocations
   252 | D:1      | Reached XP level 2. HP: 24/24 MP: 3/3
   501 | D:1      | Glimpsed the power of Zot.
   523 | D:1      | Reached skill level 1 in Earth Magic
   552 | D:1      | Glimpsed the power of Zot.
   592 | D:1      | Glimpsed the power of Zot.
   602 | D:1      | Touched by the power of Zot.
   739 | D:2      | Reached skill level 1 in Staves
   739 | D:2      | Reached XP level 3. HP: 20/21 MP: 4/4
   853 | D:2      | Reached XP level 4. HP: 7/32 MP: 5/5
   981 | D:3      | Found an opulent altar of Gozag.
   990 | D:3      | Became a worshipper of Gozag Ym Sagoz the Greedy
  1075 | D:3      | Found a shadowy altar of Dithmenos.
  1110 | D:3      | Found a burning altar of Makhleb.
  1138 | D:3      | Found a runed translucent gate.
  1138 | D:3      | Found a runed translucent gate.
  1138 | D:3      | Found a runed translucent gate.
  1138 | D:3      | Noticed Thoth777's ghost (amateur TrFi)
  1139 | D:3      | Noticed GigaChad's ghost (weakling MiFi)
  1324 | D:3      | Reached skill level 3 in Throwing
  1492 | D:4      | Found a staircase to the Ecumenical Temple.
  1636 | D:4      | Reached skill level 4 in Throwing
  1636 | D:4      | Reached XP level 5. HP: 35/41 MP: 6/6
  1892 | D:4      | Reached skill level 5 in Throwing
  1970 | D:4      | Reached XP level 6. HP: 19/48 MP: 7/7
  2128 | D:5      | Entered Level 5 of the Dungeon
  2272 | D:5      | Reached skill level 6 in Throwing
  2294 | D:5      | Killed from afar by an orc priest

Illustrated notes

Levels and vault maps discovered:
D:1:      minmay_arrival_four_loops, layout_loops_corners
D:2:      layout_basic
D:3:      layout_basic, nicolae_gozag_cash_rules_everything_around_me,
          old_standard_altar, lemuel_crystal_altar, gammafunk_ghost_cemetery,
          minmay_misc_feat_encased, wad_orctagon
D:4:      layout_loops_corners, minmay_temple_entry_grid
D:5:      wander_river, layout_basic, uniq_ijyb

Skill      XL: |  1  2  3  4  5  6 |
---------------+-------------------+-----
Evocations     | 1 |  1.9
Earth Magic    | 1 |  1.1
Staves         | 1 2 |  2.7
Throwing       | 4 5 6 |  6.0
Fighting       | |  2.6
Short Blades   | |  2.1
Dodging        | |  1.9
Stealth        | |  2.9

Action                   |  1- 3 |  4- 6 || total
-------------------------+-------+-------++-------
Melee: Dagger            |    37 |   153 ||   190
       Staff             |     6 |       ||     6
       Punch             |       |     1 ||     1
Throw: Dart              |     6 |     9 ||    15
       Javelin           |     2 |       ||     2
       Throwing net      |       |     1 ||     1
Evoke: Wand              |     3 |       ||     3
 Stab: Sleeping          |     1 |     1 ||     2
       Held in net/web   |       |     1 ||     1
Armor: Robe              |    16 |    65 ||    81
Dodge: Dodged            |    23 |    57 ||    80
